Map: Hecate LE

Players

SubN - Winner!

  • Race: Zerg Zerg
  • League: Diamond
  • Spawn Location: 7:00

IIIIIIIIIIII

  • Race: Terran Terran
  • League: Platinum
  • Spawn Location: 1:00

VOD

Have the link to the VOD?

Description

Time

  • Played on: Dec. 27, 2023, 1:31 p.m.
  • Length: 9:49
Show
View Real Time Build Order
Export as new Build Order

SubN Zerg - Winner!

Build Orders: Hatch First 

Get SALT Encoding   

  12  0:00  Drone  
  13  0:12  Overlord  
  13  0:19  Drone  
  14  0:30  Drone x2  
  14  0:34  Drone  
  17  0:51  Hatchery  
  17  0:55  Drone  
  17  0:58  Drone  
  18  1:10  Extractor  
  17  1:14  Spawning Pool  
  16  1:19  Drone  
  17  1:30  Drone x2  
  19  1:39  Drone  
  20  1:51  Overlord  
  20  2:04  Queen  
  20  2:06  Hatchery  
  21  2:13  Queen  
  23  2:17  Zergling x2  
  23  2:21  Zergling x2  
  25  2:33  Drone x3  
  25  2:34  Drone  
  28  2:56  Drone x5  
  33  3:00  Queen  
  35  3:07  Overlord  
  35  3:11  Overlord  
  35  3:17  Overlord  
  35  3:28  Drone  
  35  3:29  Drone x7  
  43  3:44  Overlord x2  
  43  3:45  Overlord x2  
  43  3:53  Metabolic Boost  
  43  4:00  Drone x4  
  46  4:11  Extractor  
  46  4:12  Extractor  
  46  4:13  Drone x3  
  46  4:15  Drone x3  
  46  4:16  Drone x2  
  52  4:19  Queen  
  52  4:20  Queen  
  56  4:25  Drone x4  
  60  4:33  Drone  
  60  4:34  Drone x2  
  60  4:36  Drone  
  65  4:38  Drone  
  65  4:39  Extractor  
  65  4:43  Drone x3  
  65  4:44  Roach Warren  
  66  4:48  Overlord  
  66  4:51  Drone  
  67  5:07  Drone x7  
  74  5:11  Extractor  
  74  5:13  Extractor  
  72  5:27  Drone x8  
  80  5:36  Queen  
  80  5:37  Queen  
  80  5:39  Lair  
  84  5:43  Drone  
  84  5:47  Drone, Hatchery  
  85  5:54  Evolution Chamber  
  85  5:55  Zergling x16, Evolution Chamber  
  85  5:56  Spore Crawler  
  90  6:09  Roach x3  
  96  6:13  Overlord x5  
  83  6:38  Roach x2  
  83  6:39  Roach x10  
  101  6:43  Queen  
  101  6:45  Zergling x2  
  101  6:46  Zergling x6  
  107  6:53  Glial Reconstitution  
  95  6:54  Zerg Missile Weapons Level 1  
  95  6:55  Zerg Melee Weapons Level 1  
  95  6:58  Roach x3  
  90  7:18  Queen  
  90  7:22  Drone x14  
  106  7:24  Queen  
  108  7:31  Drone  
  108  7:33  Spire  
  108  7:40  Drone x3  
  108  7:41  Drone x2  
  109  7:56  Drone x9  
  109  8:14  Zergling x2  
  109  8:15  Zergling x18  
  115  8:25  Drone x4  
  113  8:29  Drone  
  113  8:33  Baneling Nest  
  103  8:46  Drone, Extractor  
  103  8:47  Extractor  
  100  8:48  Overlord x3  
  100  8:49  Overlord  
  99  9:01  Mutalisk x11  
  121  9:08  Mutalisk  
Show
View Real Time Build Order
Export as new Build Order

IIIIIIIIIIII Terran 

Build Orders: Reaper Expand 

Get SALT Encoding   

  12  0:00  SCV  
  13  0:12  SCV  
  14  0:17  Supply Depot  
  14  0:25  SCV  
  15  0:38  SCV  
  15  0:41  Barracks  
  16  0:44  Refinery  
  16  0:51  SCV  
  17  1:03  SCV  
  18  1:16  SCV  
  19  1:33  Orbital Command  
  19  1:38  Command Center, Reaper  
  20  1:45  Refinery  
  20  1:58  Bunker  
  20  2:02  SCV  
  21  2:14  Supply Depot, SCV  
  22  2:23  Factory, Barracks Reactor  
  22  2:26  SCV  
  23  2:54  SCV  
  23  2:57  Orbital Command  
  24  3:04  Marine x2  
  26  3:09  SCV  
  26  3:12  Factory Tech Lab  
  27  3:13  Starport  
  27  3:21  SCV  
  27  3:22  Marine x2  
  30  3:32  SCV  
  30  3:33  SCV  
  32  3:40  Barracks  
  32  3:44  SCV  
  32  3:45  SCV  
  32  3:47  Marine x2  
  36  3:48  Siege Tank  
  39  3:59  SCV  
  39  4:00  SCV  
  41  4:11  SCV  
  41  4:12  Marine x2, SCV  
  41  4:13  Starport Reactor  
  45  4:23  Supply Depot, SCV  
  46  4:32  Barracks Tech Lab  
  46  4:33  Barracks  
  46  4:37  Supply Depot  
  46  4:40  Engineering Bay  
  46  4:45  Marine x2, Siege Tank, SCV x2  
  53  4:57  SCV  
  53  4:58  Stimpack  
  53  4:59  Marine, SCV  
  56  5:00  Medivac  
  56  5:02  Marine  
  56  5:06  Refinery  
  59  5:08  Command Center  
  59  5:09  SCV  
  59  5:11  SCV  
  59  5:13  Refinery  
  61  5:21  SCV  
  61  5:23  Barracks Reactor, SCV  
  62  5:40  Supply Depot  
  62  5:47  Barracks  
  62  5:51  Supply Depot  
  62  5:57  Supply Depot x2  
  62  6:01  Marine x2, SCV x2, Medivac  
  62  6:02  Marauder  
  70  6:19  Marine  
  65  6:39  SCV x2  
  64  6:42  Marine  
  64  6:43  Marine x2, Medivac  
  64  6:44  Marine, Medivac  
  64  6:45  Orbital Command, Siege Tank  
  75  6:51  SCV  
  72  7:10  SCV x2  
  72  7:14  Marine x2  
  72  7:15  Marauder, Marine x2  
  73  7:17  Terran Infantry Weapons Level 1, Medivac x2  
  77  7:23  Orbital Command  
  77  7:43  Concussive Shells  
  77  7:44  Marine x2  
  77  7:45  Marine x2  
  77  7:46  Marauder  
  63  8:27  Marine x2, Siege Tank  
  59  8:28  Marauder  
  63  8:35  Orbital Command  
  62  8:47  Marine x2  
  62  8:48  Medivac x2  
  66  8:54  Marine x2  
  65  8:55  Orbital Command  
  65  8:59  Siege Tank  
  58  9:16  Marine  
  58  9:17  Marine x2  
Tags
 
Add a new tag
Caveats
  • Supply blocks, unpowered buildings, or Contaminate may cause inaccurate times.
  • Supply counts are checked every 10 seconds.